 Dungeon Crawl Stone Soup version 0.31-a0-1272-g9f703e4c1d (webtiles) character file.

Game seed: 4726025028569908221

5 Ge0ff the Cutter (level 1, -4/14 HPs)
             Began as a Kobold Chaos Knight on Dec 17, 2023.
             Slain by a sixfirhy (9 damage)
             ... on level 1 of the Abyss.
             The game lasted 00:00:56 (837 turns).

Ge0ff the Cutter (Kobold Chaos Knight)               Turns: 837, Time: 00:00:57

Health: -4/14      AC:  5    Str:  9    XL:     1   Next: 88%
Magic:  1/1        EV: 14    Int: 13    God:
Gold:   30         SH:  0    Dex: 14    Spells: 0/0 levels left

rFire   . . .        a - +0 short sword (chaos)
rCold   . . .        (no shield)
rNeg    . . .        b - +2 leather armour
rPois   .            (no helmet)
rElec   .            (no cloak)
rCorr   .            (no gloves)
SInv    .            (no boots)
Will    .....        (no amulet)
Stlth   +++          Y - ring of flight
HPRegen 0.22/turn    (no ring)
MPRegen 0.07/turn

%: no passive effects
@: flying
A: small, no large weapons, nightstalker 3
a: no special abilities


You were on level 1 of the Abyss.
You visited 1 branch of the dungeon, and saw 1 of its levels.
You visited the Abyss 1 time.

You collected 30 gold pieces.

Inventory:

Hand Weapons
 a - a +0 short sword of chaos (weapon)
Missiles
 Z - 4 stones
Armour
 b - a +2 leather armour (worn)
 V - a +0 ring mail
Jewellery
 Y - a ring of flight (left hand)
Scrolls
 S - a scroll of butterflies
 T - a scroll of fog {unknown}
 U - a scroll of blinking {unknown}
 X - a scroll of revelation {unknown}
Potions
 W - a potion of mutation {unknown}


   Skills:
 - Level 3.2 Fighting
 - Level 4.0 Short Blades
 - Level 0.7 Armour
 - Level 2.4 Dodging
 + Level 2.0 Stealth


You couldn't memorise any spells.
You didn't know any spells.
Your spell library contained the following spells:

 Spells                   Type           Power      Damage    Failure   Level
 Blink                    Tloc           0%         N/A       54%         2
 Lesser Beckoning         Tloc           0%         N/A       54%         2
 Momentum Strike          Conj/Tloc      0%         3d8       54%         2


Dungeon Overview and Level Annotations

Branches:
Dungeon (1/15) Zot: 5308

Altars:


Innate Abilities, Weirdness & Mutations

You are small and have problems with some larger weapons.
You are completely attuned to the shadows.


Message History

You kill the frilled lizard!
Your Stealth skill increases to level 1!
You see here a frilled lizard corpse.
Y - a ring of flight A rat comes into view.
The rat squeaks loudly.
You fly up into the air.
Y - a ring of flight (left hand)
You closely miss the rat. The rat closely misses you.
You hit the rat.
The rat suddenly seems more resistant.
The rat is severely wounded.
The rat barely misses you.
You hit the rat but do no damage. You drain the rat.
You kill the rat!
There is a shaft here.
You now have 30 gold pieces (gained 11).
Z - 4 stones A hobgoblin comes into view.
The helpless hobgoblin fails to defend itself.
You puncture the hobgoblin!
You kill the hobgoblin!
An endoplasm comes into view.
The endoplasm quivers.
The endoplasm freezes you.
You are frozen.
You hit the endoplasm.
The endoplasm is heavily wounded.
The endoplasm hits you but does no damage.
An endoplasm is nearby!
You completely miss the endoplasm.
The endoplasm is heavily wounded.
The endoplasm freezes you.
You are frozen.
You hit the endoplasm.
You kill the endoplasm!
Your Stealth skill increases to level 2!
Xom casts you into the Abyss!
To return, you must find a gate leading back.
Killing monsters will force the Abyss to allow you passage.
This branch contains the abyssal rune of Zot.
HP restored.
A lurking horror comes into view.
You hear a distant slurping noise.
A sixfirhy comes into view.
The sixfirhy moves out of view.
The sixfirhy hits you!
Ouch! That really hurt!
The sixfirhy shocks you!
Ouch! That really hurt!
You die...

. #. # . #. #
#.#. . #..###
## ..#@.# . .
...3#.# # .
.#..#.# .
........# .
...###.#.####
..##.......#
.....#.##.#
### ...#
.#........#
.## .#..#
###.#


You could see a sixfirhy.

Vanquished Creatures
  2 endoplasms (D:1)
  A hobgoblin (D:1)
  A frilled lizard (D:1)
  A rat (D:1)
5 creatures vanquished.

Notes
Turn   | Place    | Note
-------+----------+-------------------------------------------
     0 | D:1      | Ge0ff the Kobold Chaos Knight began the quest for the Orb.
     0 | D:1      | Reached XP level 1. HP: 14/14 MP: 1/1
     2 | D:1      | Fell from the grace of Xom
   418 | D:1      | Reached skill level 1 in Stealth
   693 | Abyss:1  | Cast into level 1 of the Abyss (Xom)
   836 | Abyss:1  | Noticed a sixfirhy
   837 | Abyss:1  | Slain by a sixfirhy

Illustrated notes

Levels and vault maps discovered:
D:1:      giann_wishing_wells, layout_loops_corners
Abyss:1:  base: D:1, evilmike_abyss_exit_7

Skill      XL: |  1 |
---------------+----+-----
Stealth        | 2 |  2.0
Fighting       | |  3.2
Short Blades   | |  4.0
Armour         | |  0.7
Dodging        | |  2.4

Action                     || total
---------------------------++-------
  Melee: Short sword       ||    11
 Invoke: Renounce Religion ||     1
   Stab: Sleeping          ||     1
 Armour: Leather armour    ||     2
  Dodge: Dodged            ||     3

Table legend: (Time is in decaauts)
 A = Elapsed time spent in this place.
 B = Non-inter-level travel time spent in this place.
 C = Inter-level travel time spent in this place.
 D = Time resting spent in this place.
 E = Time spent auto-exploring this place.
 F = Levels seen in this place.
 G = Mean time per level.
                   A        B        C        D        E       F      G
               +--------+--------+--------+--------+--------+-----+--------+
         Total |    834 |    788 |     46 |      0 |    704 |   2 |  417.0 |
       Dungeon |    690 |    644 |     46 |      0 |    603 |   1 |  690.0 |
         Abyss |    143 |    143 |      0 |      0 |    101 |   1 |  143.0 |
               +--------+--------+--------+--------+--------+-----+--------+

Top non-repeatable levels by time:
     D:1: 690 daAuts
 Abyss:1: 143 daAuts
